 Dungeon Crawl Stone Soup version 0.25-a0-890-g62861fb (webtiles) character file.

Game seed: 13702625019018401152, levelgen mode: deterministic

34 HarryHood the Cudgeler (level 3, 0/31 HPs)
             Began as a Minotaur Berserker on May 8, 2020.
             Was a Follower of Trog.
             Succumbed to an adder's poison
             ... on level 2 of the Dungeon on May 9, 2020.
             The game lasted 00:06:54 (836 turns).

HarryHood the Cudgeler (Minotaur Berserker)          Turns: 836, Time: 00:06:54

Health: 0/31       AC:  6    Str: 22    XL:     3   Next: 14%
Magic:  2/2        EV: 10    Int:  4    God:    Trog [*.....]
Gold:   28         SH:  0    Dex: 11    Spells: 2/2 levels left

rFire    . . .     SeeInvis .   a - +0 mace
rCold    . . .     Gourm    .   (no shield)
rNeg     . . .     Faith    .   d - +0 scale mail
rPois    .         Spirit   .   (helmet restricted)
rElec    .         Reflect  .   (no cloak)
rCorr    .         Harm     .   (no gloves)
MR       .....                  (no boots)
Stlth    ..........             (no amulet)
HPRegen  0.10/turn              (no ring)
MPRegen  0.08/turn              (no ring)

@: brilliant, lethally poisoned (0 -> -12)
A: retaliatory headbutt, claws 1, horns 2, agile 1, inhibited regeneration
a: Berserk, Renounce Religion


You were on level 2 of the Dungeon.
You worshipped Trog.
Trog was aware of your devotion.
You were not hungry.

You visited 1 branch of the dungeon, and saw 2 of its levels.

You collected 28 gold pieces.

Inventory:

Hand Weapons
 a - a +0 mace (weapon)
Missiles
 b - 23 sling bullets
 i - 62 stones (quivered)
Armour
 d - a +0 scale mail (worn)
Scrolls
 f - a scroll of remove curse {@r1}
Potions
 k - a potion of haste
 l - a potion of invisibility
 o - a potion of heal wounds {unknown}
Comestibles
 c - 5 chunks of flesh
 e - 2 rations {@e1}


   Skills:
 - Level 3.6 Fighting
 * Level 5.2 Maces & Flails
 - Level 2.4 Armour
 - Level 2.1 Dodging


You had 2 spell levels left.
You didn't know any spells.
Your spell library was empty.

Dungeon Overview and Level Annotations

Branches:
Dungeon (2/15)

Altars:
Cheibriados
Elyvilon
Hepliaklqana
Xom
Yredelemnul


Innate Abilities, Weirdness & Mutations

You reflexively headbutt those who attack you in melee.
You have a pair of horns on your head.
You have sharp fingernails.
You are agile. (Dex +2)
You do not regenerate when monsters are visible.


Message History

Your experience leads to an increase in your attributes!
Increase (S)trength, (I)ntelligence, or (D)exterity?
You feel stronger.
* * * LOW HITPOINT WARNING * * *
You feel sick.
You take 1 damage, and have 3/31 hp.
MP restored: 2 It was a potion of mutation.
You feel extremely strange.
Your regeneration stops near monsters.
Your fingernails lengthen.
You feel agile.
* * * LOW HITPOINT WARNING * * *
You feel sick.
You take 1 damage, and have 2/31 hp.
It was a potion of brilliance.
You feel clever all of a sudden.
* * * LOW HITPOINT WARNING * * *
You feel sick.
You take 1 damage, and have 1/31 hp.
It was a potion of magic.
Magic courses through your body.
You die...

.
################....
#...........@.......
#.##############.#..
#.# #.# ##.# #..#
#.## #.# #
#.####8...


There were no monsters in sight!

Vanquished Creatures
  2 adders (D:2)
  3 goblins (D:1)
  4 hobgoblins (D:1)
  3 bats (D:1)
  3 kobolds (D:1)
  5 rats
20 creatures vanquished.

Notes
Turn   | Place    | Note
-------+----------+-------------------------------------------
     0 | D:1      | HarryHood the Minotaur Berserker began the quest for the
                  | Orb.
     0 | D:1      | Reached XP level 1. HP: 19/19 MP: 0/0
    89 | D:1      | Reached skill level 4 in Maces & Flails
   182 | D:1      | Found a shattered altar of Ashenzari.
   184 | D:1      | Found a hazy altar of Hepliaklqana.
   184 | D:1      | Found a hazy altar of Hepliaklqana.
   194 | D:1      | Found a white marble altar of Elyvilon.
   194 | D:1      | Found a basalt altar of Yredelemnul.
   194 | D:1      | Found a shimmering altar of Xom.
   442 | D:1      | Reached XP level 2. HP: 26/26 MP: 1/1
   795 | D:2      | Found a snail-covered altar of Cheibriados.
   830 | D:2      | Reached skill level 5 in Maces & Flails
   833 | D:2      | Reached XP level 3. HP: 5/31 MP: 2/2
   833 | D:2      | HP: 3/31 [poisoned by an adder]
   834 | D:2      | Gained mutation: You do not regenerate when monsters are
                  | visible. [potion of mutation]
   834 | D:2      | Gained mutation: You have sharp fingernails. [potion of
                  | mutation]
   834 | D:2      | Gained mutation: You are agile. (Dex +2) [potion of
                  | mutation]
   835 | D:2      | HP: 1/31 [poisoned by an adder]
   836 | D:2      | Succumbed to an adder's poison

Levels and vault maps discovered:
D:1:      dpeg_arrival_tiny_g, layout_loops_cross, hangedman_decor_growths,
          doesnt_xom_only_xom
D:2:      layout_loops_ring, old_standard_altar, nicolae_overflow_hidden_temple,
          lemuel_altar_in_water

Skill      XL: |  1  2 |
---------------+-------+-----
Maces & Flails | 4 5 |  5.2
Fighting       | |  3.6
Armour         | |  2.4
Dodging        | |  2.1

Action                   || total
-------------------------++-------
Melee: Mace              ||    43
       Headbutt          ||     7
  Use: Scroll            ||     5
       Potion            ||     3
Armor: Scale mail        ||    10
       Animal skin       ||     1
Dodge: Dodged            ||    32

Table legend:
 A = Non-vault XP
 B = Vault XP
 C = Vault XP percentage of total XP
 D = Non-vault monster count
 E = Vault monster count
 F = Vault count percentage of total count
                 A         B        C        D         E       F
            +---------+---------+-------+---------+---------+-------
      Total |      49 |       0 |   0.0 |      20 |       0 |   0.0
            +---------+---------+-------+---------+---------+-------
        D:1 |      22 |       0 |   0.0 |      17 |       0 |   0.0
        D:2 |      27 |       0 |   0.0 |       3 |       0 |   0.0
            +---------+---------+-------+---------+---------+-------
